AoeStats
← Mito

Arabia

505334879Analyzed
3v3 RM · 24d ago on Sep 8, 2026· 25m 51s· 6 players
Game mode
Random Map
Map size
Normal (6 player)
Population
200
Speed
Normal
Resources
Standard
Victory
Conquest
Starting age
Dark Age
Ending age
Imperial Age
RankedLock teamsTeams togetherTeam positionsShared explorationLock speedFull tech treeHidden civsTurbo modeCheats
Victory
Defeat
1040
+15
🇨🇴 Burgundians · Colombia
981
+18
🇵🇪 Malians · Peru
963
+19
🇹🇷 Koreans · Türkiye
1057
-19
🇹🇷 Cumans · Türkiye
1051
-18
🇹🇷 Mongols · Türkiye
956
-15
Hakim
10:58 Feudal Age
10:41 Loom
11:39 Double-Bit Axe
12:35 Fletching
AXRINN
10:09 Loom
11:54 Feudal Age
10:28 Loom
12:28 Feudal Age
18:01 Bloodlines
19:01 Forging
18:56 Scale Barding Armor
21:33 Double-Bit Axe
Mito
10:56 Feudal Age
10:38 Loom
11:28 Double-Bit Axe
14:28 Gold Mining
21:48 Castle Age
20:18 Fletching
23:07 Bodkin Arrow
24:12 Gold Shaft Mining
24:54 Bow Saw
GN | Gohan 薬
9:28 Loom
10:34 Wheelbarrow
11:50 Feudal Age
18:56 Castle Age
17:15 Double-Bit Axe
17:33 Horse Collar
18:51 Scale Barding Armor
19:21 Bow Saw
19:20 Heavy Plow
19:31 Cavalier
23:35 Chain Barding Armor
23:12 Loom
24:17 Husbandry
25:32 Gold Mining
REY RATA
7:05 Loom
10:02 Feudal Age
10:35 Double-Bit Axe
10:31 Horse Collar
13:08 Man-at-Arms
14:19 Arson
20:14 Padded Archer Armor
22:37 Castle Age
21:24 Scale Mail Armor
25:52 Bow Saw
26:12 Heavy Plow
27:00 Wheelbarrow
rodolfo casas noten¨o
7:44 Loom
11:18 Feudal Age
18:04 Wheelbarrow
19:38 Horse Collar
24:08 Castle Age
22:53 Double-Bit Axe
25:12 Hand Cart
25:39 Bow Saw
Connection lost

Rejoining the realm…

Still unreachable

The connection could not be restored.

Session expired

The server has moved on; the page needs a fresh start.